 Dungeon Crawl Stone Soup version 0.22-a0-422-g9628fc8 (webtiles) character file.

85 Gorice the Skirmisher (level 4, -2/29 HPs)
             Began as a Deep Elf Wanderer on May 18, 2018.
             Slain by a hobgoblin
             ... wielding a +0 club
             ... led by Robin
              (6 damage)
             ... on level 3 of the Dungeon.
             The game lasted 00:06:16 (1746 turns).

Gorice the Skirmisher (Deep Elf Wanderer)           Turns: 1746, Time: 00:06:16

Health: -2/29      AC:  7    Str: 11    XL:     4   Next: 25%
Magic:  6/6        EV: 17    Int: 19    God:
Gold:   113        SH:  0    Dex: 16    Spells: 3/3 levels left

rFire    . . .     SeeInvis .   a - +2 spear
rCold    + . .     Gourm    .   (no shield)
rNeg     . . .     Faith    .   v - +0 ring mail
rPois    .         Spirit   .   (no helmet)
rElec    .         Reflect  .   i - +0 cloak
rCorr    .         Harm     .   (no gloves)
MR       .....                  (no boots)
Stlth    ++........             (no amulet)
HPRegen  0.09/turn              g - ring of protection from cold
MPRegen  0.10/turn              m - +1 ring of protection

@: agile
A: no striking features
a: no special abilities


You were on level 3 of the Dungeon.
You were not hungry.

You visited 1 branch of the dungeon, and saw 3 of its levels.

You collected 113 gold pieces.

Inventory:

Hand Weapons
 a - a +2 spear (weapon)
Missiles
 Y - 98 stones (quivered)
Armour
 d - a +0 robe
 i - a +0 cloak (worn)
 k - a +0 plate armour
 v - a +0 ring mail (worn)
Jewellery
 g - a ring of protection from cold (left hand)
 j - an uncursed ring of positive energy
 m - a +1 ring of protection (right hand)
 p - an uncursed ring of stealth
Scrolls
 h - a scroll of immolation {!r}
 n - a scroll of identify
 q - a scroll of blinking
Comestibles
 b - a chunk of flesh
 f - 3 rations


   Skills:
 + Level 3.9 Fighting
 - Level 1.0 Throwing
 + Level 1.5 Armour
 + Level 3.0 Dodging
 - Level 1.2 Stealth
   Level 1.1 Summonings
   Level 2.1 Poison Magic


You had 3 spell levels left.
You didn't know any spells.
Your spell library was empty.

Dungeon Overview and Level Annotations

Branches:
Dungeon (3/15)

Altars:
Ashenzari
Makhleb

Annotations:
D:2 vpUX: fire vault with $
D:3 Robin


Message History

The bat is severely wounded.
The bat hits you but does no damage. Robin throws the goblin at you!
The goblin barely misses you.
You hit the goblin.
You kill the goblin!
The bat completely misses you.
A goblin comes into view.
Robin roars a battlecry!
The goblin goes into a battle-frenzy!
You hear a bark!
You hit the bat.
You kill the bat!
You barely miss the hobgoblin. The hobgoblin hits you with a club.
* * * LOW HITPOINT WARNING * * *
Damage: 5 (max 5) Unknown command.
You are too injured to fight recklessly!
Really quaff
s - a potion of agility {!q}?
You feel agile all of a sudden.
The hobgoblin hits you but does no damage.
You hit the hobgoblin.
The hobgoblin is lightly wounded.
The hobgoblin completely misses you.
You completely miss the hobgoblin.
The hobgoblin is lightly wounded.
The hobgoblin hits you with a club!
* * * LOW HITPOINT WARNING * * *
Damage: 8 (max 8) Unknown command.
A hobgoblin comes into view.
You feel better. The hobgoblin closely misses you.
Robin roars a battlecry!
The hobgoblin goes into a battle-frenzy!
The jackal barks!
You barely miss the hobgoblin.
The hobgoblin is lightly wounded.
The hobgoblin shouts!
The hobgoblin hits you with a club.
* * * LOW HITPOINT WARNING * * *
You hear a shout!
Damage: 4 (max 8)
The hobgoblin no longer looks unusually strong.
Robin roars a battlecry!
The hobgoblin goes into a battle-frenzy!
You hear a shout!
Robin throws the goblin at you! The goblin closely misses you.
You hit the goblin.
The goblin is heavily wounded.
The goblin barely misses you. The hobgoblin hits you with a club.
You die...

#.#
#.###.########
#.............
#####.########
#.# ####.######
#.........#
#g##........#
#@#######.#.#
#g# # #g# #.#
#.# #g## .
#.g##+##..#
#######)h....##
#.......h......


You could see Robin, 3 hobgoblins and a goblin.

Vanquished Creatures
  A bullfrog skeleton (D:3)
  An adder (D:3)
  An ooze (D:1)
  A dart slug (D:2)
  4 leopard geckos
  9 goblins
  4 hobgoblins
  3 kobolds
  5 bats
  2 frilled lizards
  8 rats
39 creatures vanquished.

Vanquished Creatures (others)
  An orc (D:2)
1 creature vanquished.

Grand Total: 40 creatures vanquished

Notes
Turn   | Place    | Note
-------+----------+-------------------------------------------
     0 | D:1      | Gorice the Deep Elf Wanderer began the quest for the Orb.
     0 | D:1      | Gorice set off with: a +2 spear, a potion of lignification {!q}, a potion of curing, a +0 robe, a ration
     0 | D:1      | Reached XP level 1. HP: 14/14 MP: 3/3
   145 | D:1      | Found a shattered altar of Ashenzari.
   169 | D:1      | Reached XP level 2. HP: 11/19 MP: 4/4
   296 | D:1      | Reached skill level 2 in Dodging
   793 | D:2      | Found a shattered altar of Ashenzari.
   883 | D:2      | Reached XP level 3. HP: 20/23 MP: 5/5
   907 | D:2      | Found a faded altar of an unknown god.
   911 | D:2      | Reached skill level 1 in Armour
  1188 | D:2      | Found a burning altar of Makhleb.
  1711 | D:3      | Noticed Robin
  1724 | D:3      | Reached skill level 3 in Dodging
  1724 | D:3      | Reached XP level 4. HP: 22/29 MP: 6/6
  1737 | D:3      | HP: 2/29 [hobgoblin/club[Robin] (8)]
  1746 | D:3      | Slain by a hobgoblin

Vault maps used:
D:1:      saegor_arrival_under_anarchy, nicolae_ashenzari_panopticon
D:2:      lemuel_round_altar, lemuel_coloured_pillars_altar,
          chequers_ecumenical_altar_simple, lemuel_flame_loot_1
D:3:      lemuel_round_altar, first_ration, kennysheep_orc_chapel, uniq_robin,
          uniq_ijyb

Skill      XL: |  1  2  3 |
---------------+----------+-----
Dodging        | 2 3 |  3.0
Armour         | 1 |  1.5
Fighting       | |  3.9
Throwing       | |  1.0
Stealth        | |  1.2
Summonings     | |  1.1
Poison Magic   | |  2.1

Action                   |  1- 3 |  4- 6 || total
-------------------------+-------+-------++-------
Melee: Spear             |   124 |    14 ||   138
  Use: Scroll            |     6 |       ||     6
       Potion            |     1 |     2 ||     3
  Eat: Chunk             |     3 |       ||     3
Armor: Plate armour      |     5 |       ||     5
       Ring mail         |    39 |     7 ||    46
       Skin              |     1 |       ||     1
Dodge: Dodged            |    49 |     9 ||    58

Table legend:
 A = Spawn XP
 B = Non-spawn XP
 C = Spawn XP percentage of total XP
 D = Spawn monster count
 E = Non-spawn monster count
 F = Spawn count percentage of total count
 G = Total turns spent on level
                    A         B        C        D         E        F      G
               +---------+---------+-------+---------+---------+-------+---------
         Total |       0 |     122 |   0.0 |       0 |      39 |   0.0 |  1746
               +---------+---------+-------+---------+---------+-------+---------
           D:1 |       0 |      32 |   0.0 |       0 |      15 |   0.0 |   688
           D:2 |       0 |      20 |   0.0 |       0 |      11 |   0.0 |   737
           D:3 |       0 |      70 |   0.0 |       0 |      13 |   0.0 |   321
               +---------+---------+-------+---------+---------+-------+---------

Table legend:
 A = Turns spent in this place as a percentage of turns spent in the entire game.
 B = Non-inter-level travel turns spent in this place as a percentage of non-inter-level travel turns spent in the entire game.
 C = Inter-level travel turns spent in this place as a percentage of turns spent in this place.
 D = Turns resting spent in this place as a percentage of non-inter-level travel turns spent in this place.
 E = Turns spent auto-exploring this place as a percentage of non-inter-level travel turns spent in this place.
 F = Non-inter-level travel turns spent in this place divided by the number of levels of this place that you've seen.
                   A       B       C       D       E      F
               +-------+-------+-------+-------+-------+----------------------
         Total | 100.0 | 100.0 |   3.2 |   9.9 |  54.9 | 563.3
       Dungeon | 100.0 | 100.0 |   3.2 |   9.9 |  54.9 | 563.3
               +-------+-------+-------+-------+-------+----------------------

Vault maps used:
D:1:      saegor_arrival_under_anarchy, nicolae_ashenzari_panopticon
D:2:      lemuel_round_altar, lemuel_coloured_pillars_altar,
          chequers_ecumenical_altar_simple, lemuel_flame_loot_1
D:3:      lemuel_round_altar, first_ration, kennysheep_orc_chapel, uniq_robin,
          uniq_ijyb
